Tilzka, neutral female gnomish Wizard ..Z .|.@Z ....- -...-- |<)- ---- Tilzka the Conjurer Experience level: 5 Strength: 9 Dexterity: 15 Constitution: 15 Intelligence: 19 Wisdom: 8 Charisma: 11 Health: 0(37) Energy: 35(35) Def: 3 Gold: 77 Moves: 1133 Dungeon seed: 9x6mmq9Xss-J3Bhj Game ID: Tilzka_1521122394 Your Inventory: Coins $ - 77 gold pieces Weapons a - a blessed +1 quarterstaff (weapon in hands) Armor e - an uncursed +0 cloak of magic resistance (being worn) q - an uncursed +0 orcish helm (being worn) z - an uncursed +0 pair of kicking boots (being worn) Comestibles r - an uncursed melon Potions B - an uncursed potion of object detection Wands b - an uncursed wand of striking (0:5) Tools h - an uncursed blindfold s - an uncursed bag of holding Contents of the bag of holding: 2 uncursed scrolls of identify a blessed spellbook of detect monsters a blessed spellbook of light a blessed spellbook of magic missile an uncursed potion of blindness an uncursed potion of booze an uncursed potion of water Spells and supernatural/magical abilities: Spell marked with ':' is quivered. Name Level Category Fail Memory a - force bolt 1 : attack 0% 99% W - pray for help -- divine ? -- Your skills at the end: Fighting Skills wands [Basic] Weapon Skills quarterstaff [Basic] Spellcasting Skills attack spells [Basic] enchantment spells [Basic] Final Attributes: You were magic resistant. You had infravision. You are dead. Vanquished creatures: a giant mimic a small mimic 2 water nymphs a shrieker 2 hobbits a hobgoblin a brown mold a green mold a red mold a gnome a gecko 2 foxes 2 goblins 4 sewer rats 2 grid bugs 2 kobold zombies 3 newts 28 creatures vanquished. Voluntary challenges: You used a wielded weapon 16 times, starting on turn 24. You read items or engraved 4 times, starting on turn 1. You never genocided any monsters. You never polymorphed an object. You never changed form. You used no wishes. You never split a pudding. You never wrote Elbereth's name. You never violated your personal moral code. Dungeon overview: The Dungeons of Doom: levels 1 to 3 Level 1 a long staircase Level 2 a scroll shop, a fountain stairs to The Gnomish Mines Level 3 The Gnomish Mines: levels 3 to 6 Level 3 stairs to The Dungeons of Doom Level 4 Level 5 many shops, a temple to Thoth, some fountains Level 6 <- You were here History has recorded: On T:1 you entered the Dungeons of Doom to retrieve the Amulet of Yendor! On T:214 you reached level 2 of The Dungeons of Doom. On T:274 you reached level 3 of The Dungeons of Doom. On T:389 you reached level 1 of The Gnomish Mines. On T:420 you advanced to experience level 2. On T:496 you reached level 2 of The Gnomish Mines. On T:614 you advanced to experience level 3. On T:638 you reached level 3 of The Gnomish Mines. On T:727 you advanced to experience level 4. On T:863 you advanced to experience level 5. On T:1124 you reached level 4 of The Gnomish Mines. Score breakdown: Gold: 77 ( 6436 points) Experience: 5 levels (11141 points) Exploration: 6 levels ( 12.00%) ( 9583 points) Discoveries: 8 items ( 2.69%) ( 4923 points) Valuables value: (no points given unless you survive) Artifact value: 0 ( 0 points) Variety of kills: 17 monsters ( 4.47%) ( 6345 points) Turncount: 1133 turns ( 0 points) Survival: died (score multiplied by 80%) Total score: 30742 Latest messages: The gnomish wizard casts a spell! The golden haze around the gnomish wizard becomes less dense. You hear Possogroenoe cursing shoplifters. The gnomish wizard casts a spell! You see here 10 rocks. You see here 2 rocks. A trap door in the ceiling opens and a rock falls on your head! Fortunately, you are wearing a hard helmet. You drop an orcish helm. You drop an orcish helm. The hobbit wields a dagger! The dagger welds itself to the hobbit's hand! You kill the hobbit! There are a few objects here. A cloud of gas puts you to sleep! The elf zombie hits! You attain a minor zombification disease. The elf zombie hits! Your zombification disease builds up. The elf zombie hits! Your zombification disease builds up. The elf zombie hits! Your zombification disease builds up. You die... Final status: Goodbye Tilzka the Wizard, killed by an elf zombie, while sleeping... You died in The Gnomish Mines on dungeon level 6 with 30742 points, and 77 pieces of gold, after 1133 moves. You were level 5 with a maximum of 37 hit points when you died.